 Dungeon Crawl Stone Soup version 0.31-a0-1626-g5cb510d322 (webtiles) character file.

Game seed: 1416432637916422902

74946 Essalna the Earth Mage (level 15, -5/99 HPs)
             Began as a Gargoyle Earth Elementalist on Jan 12, 2024.
             Was a High Priest of Vehumet.
             Slain by an ettin simulacrum (24 damage)
             ... in an ice cave.
             The game lasted 00:52:10 (23400 turns).

Essalna the Earth Mage (GrEE)                      Turns: 23400, Time: 00:52:10

Health: -5/99      AC: 32    Str: 13    XL:     15   Next: 48%
Magic:  12/26      EV: 11    Int: 33    God:    Vehumet [*****.]
Gold:   940        SH:  8    Dex: 10    Spells: 12/29 levels left

rFire   . . .        r - staff of conjuration
rCold   . . .        v - +4 buckler "Yrebliu" {rPois Int+3 Slay+2}
rNeg    + . .        u - +7 ring mail of the Dancing Gods {*Corrode rPois Int+8 SInv}
rPois   ∞            n - +1 helmet
rElec   +            (no cloak)
rCorr   .            y - +0 pair of gloves
SInv    +            H - +2 pair of boots
Will    +....        (no amulet)
Stlth   +            C - ring of see invisible
HPRegen 0.36/turn    q - ring of wizardry
MPRegen 0.20/turn

%: corrode self (3%), wizardry (x1)
@: flying
A: sickness immunity, AC +11, big wings, negative energy resistance 1,
electricity resistance, torment resistance 1, petrification resistance
a: Renounce Religion


You were in an ice cave.
You worshipped Vehumet.
Vehumet was extremely pleased with you.
You visited 5 branches of the dungeon, and saw 19 of its levels.
You also visited: Ice Cave and Volcano.

You collected 1634 gold pieces.
You spent 694 gold pieces at shops.

Inventory:

Hand Weapons
 i - a +7 dagger of venom
Armour
 n - a +1 helmet (worn)
 u - the +7 ring mail of the Dancing Gods (worn) {*Corrode rPois Int+8 SInv}
   (You found it on level 4 of the Dungeon)

   Int+8:     It affects your intelligence (+8).
   rPois:     It protects you from poison SInv: It lets you see invisible.
   *Corrode:  It may corrode you when you take damage.
 v - the +4 buckler "Yrebliu" (worn) {rPois Int+3 Slay+2}
   (You found it on level 5 of the Dungeon)

   Int+3:     It affects your intelligence (+3).
   Slay+2:    It affects your accuracy & damage with ranged weapons and melee
   (+2).
   rPois:     It protects you from poison
 y - a +0 pair of gloves (worn)
 H - a +2 pair of boots (worn)
Magical Staves
 h - a staff of death
 r - a staff of conjuration (weapon)
Jewellery
 m - an amulet of faith
 q - a ring of wizardry (right hand)
 C - a ring of see invisible (left hand)
 K - a +6 ring of dexterity
 N - a ring of wizardry
 P - the amulet "Dafajici" {Spirit +Inv rF- Str-4 Int+6}
   (You found it on level 1 of the Snake Pit)

   [amulet of guardian spirit]

   Spirit:    It causes incoming damage to be divided between your reserves of
   health and magic.
   Str-4:     It affects your strength (-4).
   Int+6:     It affects your intelligence (+6).
   rF-:       It makes you vulnerable to fire.
   +Inv:      It lets you turn invisible.
Wands
 o - a wand of iceblast (1)
 A - a wand of polymorph (19)
 E - a wand of paralysis (6)
Scrolls
 a - a scroll of enchant armour
 e - a scroll of brand weapon
 f - 3 scrolls of teleportation
 g - 6 scrolls of enchant weapon
 l - 3 scrolls of fear
 p - 4 scrolls of identify
 w - 2 scrolls of fog
 x - a scroll of revelation
 z - 5 scrolls of noise {unknown}
 G - a scroll of blinking
 I - a scroll of amnesia {unknown}
 M - a scroll of immolation {unknown}
Potions
 b - 5 potions of heal wounds
 c - 2 potions of enlightenment
 d - 2 potions of degeneration
 j - 6 potions of curing
 k - 2 potions of might
 s - 5 potions of brilliance {unknown}
 t - 6 potions of mutation {unknown}
 B - a potion of attraction {unknown}
 D - 3 potions of ambrosia {unknown}
 F - a potion of invisibility {unknown}
 J - a potion of haste {unknown}
 L - a potion of magic
Miscellaneous
 O - a condenser vane


   Skills:
 + Level 13.3 Fighting
 - Level 9.1 Armour
 - Level 6.0 Dodging
 - Level 2.1 Stealth
 - Level 4.0 Shields
 + Level 7.7 Spellcasting
 + Level 14.0 Conjurations
 + Level 9.0 Fire Magic
 + Level 15.5 Earth Magic


You had 12 spell levels left.
You knew the following spells:

 Your Spells              Type           Power      Damage    Failure   Level
a - Sandblast             Erth           100%       2d20      0%          1
b - Stone Arrow           Conj/Erth      100%       3d13      1%          3
c - Ignition              Fire           32%        3d10      71%         8
d - Lee's Rapid Deconstr  Erth           43%        3d21*     1%          5

Your spell library contained the following spells:

 Spells                   Type           Power      Damage    Failure   Level
 Yara's Violent Unravell  Hex/Alch       6%         3d5       22%         5
 Momentum Strike          Conj/Tloc      100%       3d10      1%          2
 Dazzling Flash           Conj/Hex       100%       N/A       1%          3
 Inner Flame              Hex/Fire       42%        N/A       1%          3
 Mephitic Cloud           Conj/Alch/Air  60%        N/A       1%          3
 Passwall                 Erth           86%        N/A       1%          3
 Animate Armour           Summ/Erth      100%       N/A       1%          4
 Brom's Barrelling Bould  Conj/Erth      100%       2d11      1%          4
 Petrify                  Alch/Erth      59%        N/A       1%          4
 Irradiate                Conj/Alch      36%        3d23      1%          5
 Borgnjor's Vile Clutch   Necr/Erth      29%        N/A       4%          5
 Blink                    Tloc           24%        N/A       6%          2
 Lesser Beckoning         Tloc           24%        N/A       6%          2
 Lehudib's Crystal Spear  Conj/Erth      52%        10d12     13%         8
 Alistair's Intoxication  Alch           8%         N/A       65%         5
 Curse of Agony           Necr           12%        N/A       65%         5
 Silence                  Hex/Air        6%         N/A       65%         5
 Eringya's Noxious Bog    Alch           6%         4d6       69%         6


Dungeon Overview and Level Annotations

Branches:
Dungeon (10/15)            Temple (1/1) D:7            Lair (5/5) D:9
 Shoals (0/4) Lair:3        Snake (1/4) Lair:2        Slime (0/5) Lair:5
    Orc (2/2) D:10            Elf (0/3) Orc:2         IceCv (1/1)
Volcano (visited)

Altars:
Ashenzari
Cheibriados
Dithmenos
Elyvilon
Fedhas
Gozag
Hepliaklqana
Kikubaaqudgha
Makhleb
Nemelex Xobeh
Okawaru
Qazlal
Ru
Sif Muna
Trog
Uskayaw
Vehumet
Wu Jian
Xom
Yredelemnul
Zin
The Shining One
Jiyva

Shops:
D:7 (   D:10 (   Orc:1 (   Orc:2 ?:   Snake:1 =

Portals:
Trove: D:10 (give 7 potions of haste)


Innate Abilities, Weirdness & Mutations

You are immune to sickness and miasma.
Your stone body is resilient. (AC +11)
You are immune to poison.
Your large and strong wings let you fly.
You resist negative energy. (rN+)
You are resistant to electric shocks. (rElec)
You are resistant to unholy torment.
You are immune to petrification.


Message History

The ettin simulacrum partially resists.
The ettin simulacrum is severely damaged.
The icy blast hits the freezing wraith!!
The freezing wraith partially resists.
The freezing wraith is heavily damaged.
Casting: Lee's Rapid Deconstruction (safe; 1% risk of failure)
Confirm with . or Enter, or press ? or * to list all spells.
Aiming: Lee's Rapid Deconstruction (safe; 1% risk of failure)
Press: ? - help, Dir - move target, f/p - caustic shrike simulacrum Fragment what (e.g. wall or brittle monster)?: a caustic shrike simulacrum (heavily damaged)
Okay, then.
Casting: Lee's Rapid Deconstruction (safe; 1% risk of failure)
Confirm with . or Enter, or press ? or * to list all spells.
Aiming: Lee's Rapid Deconstruction (safe; 1% risk of failure)
Press: ? - help, Dir - move target, p - caustic shrike simulacrum An ice covered rock wall.
The wall shatters!
The blast of rock fragments hits the freezing wraith!!
The freezing wraith is almost destroyed.
The blast of rock fragments hits the dire elephant simulacrum!
The dire elephant simulacrum is heavily damaged.
The caustic shrike simulacrum claws you but does no damage.
Casting: Lee's Rapid Deconstruction (safe; 1% risk of failure)
Confirm with . or Enter, or press ? or * to list all spells.
Aiming: Lee's Rapid Deconstruction (safe; 1% risk of failure)
Press: ? - help, Dir - move target An ice covered rock wall.
The wall shatters!
The blast of rock fragments hits the freezing wraith!
You destroy the freezing wraith!
Vehumet accepts your kill.
You feel your power returning.
The blast of rock fragments hits the dire elephant simulacrum!!
The dire elephant simulacrum is almost destroyed.
The caustic shrike simulacrum claws you but does no damage.
You block the ettin simulacrum's attack.
The ettin simulacrum hits you.
* * * LOW HITPOINT WARNING * * *
The ettin simulacrum freezes you!!
You die...

#########
#.......#
#...∩...#
#.......#
#...@...#
#...ZZ..#
##.....##
##...##
##.## .Z.
... ...
....Z


You could see a dire elephant simulacrum, an ettin simulacrum and a caustic
shrike simulacrum.

Vanquished Creatures
  Rupert (Lair:3)
  A red draconian (Volcano)
  An ettin (Orc:2)
  Fannar (D:9)
  2 caustic shrike simulacra (IceCv)
  2 hydras (Lair:3)
  3 catoblepae (Lair:5)
  A centaur warrior (Volcano)
  2 two-headed ogres (D:10)
  2 boulder beetles
  An anaconda (Snake:1)
  A naga warrior (Snake:1)
  16 death yaks
  A naga sharpshooter (Snake:1)
  A shock serpent (Snake:1)
  Nergalle (Lair:3)
  Sonja (D:10)
  2 skysharks
  Amaemon (D:10)
  An obsidian statue (Volcano)
  A mana viper (Snake:1)
  Pikel (D:7)
  An orc sorcerer (Orc:2)
  22 elephants
  2 manticores (Lair:5)
  2 oklob plants (Lair:5)
  A salamander (Snake:1)
  Joseph (Lair:1)
  4 kobold blastminers
  2 naga magi (Snake:1)
  5 black mambas
  12 cane toads
  An orange demon (D:10)
  2 rime drakes
  A yaktaur (Volcano)
  A freezing wraith (IceCv)
  5 komodo dragons
  A guardian mummy (D:10)
  A polar bear (Lair:5)
  A troll (D:9)
  An alligator simulacrum (IceCv)
  A hornet (D:8)
  20 blink frogs
  Grinder (D:3)
  5 dream sheep (Lair:5)
  A shadow (D:6)
  Sigmund (D:2)
  5 fire bats (Volcano)
  5 wyverns
  2 basilisks
  3 wargs
  56 yaks
  3 harpy simulacra (IceCv)
  11 water moccasins
  An acid dragon (D:10)
  11 nagas
  2 ice beasts
  26 orc warriors
  A sky beast (D:6)
  10 ogres
  26 wolves
  4 centaurs
  2 kobold brigands
  2 phantoms
  A lemure (D:7)
  2 scorpions
  11 bullfrogs
  3 gnoll sergeants
  5 wights (D:9)
  16 killer bees
  8 howler monkeys
  An electric eel (Lair:1)
  5 lava snakes (Volcano)
  A bombardier beetle (D:3)
  4 gnoll boudas
  14 orc priests
  5 hounds
  A jelly (D:8)
  Jessica (D:2)
  3 sleepcaps
  15 orc wizards
  2 hell rats
  37 gnolls
  7 adders
  9 river rats (Lair:4)
  2 shadow imps
  A white imp (D:6)
  6 ufetubi
  A ribbon worm (D:3)
  73 orcs
  7 endoplasms
  3 giant cockroaches
  8 hobgoblins
  15 kobolds
  2 quokkas
  7 ball pythons
  3 bats (D:1)
  6 frilled lizards
  4 goblins
  6 rats
604 creatures vanquished.

Notes
Turn   | Place    | Note
-------+----------+-------------------------------------------
     0 | D:1      | Essalna the Gargoyle Earth Elementalist began the quest for
                  | the Orb.
     0 | D:1      | Reached XP level 1. HP: 10/10 MP: 3/3
   158 | D:1      | Reached XP level 2. HP: 15/15 MP: 3/5
   405 | D:1      | Reached skill level 4 in Earth Magic
   529 | D:1      | Reached XP level 3. HP: 19/19 MP: 2/6
   533 | D:1      | Learned a level 3 spell: Stone Arrow
   941 | D:2      | Reached XP level 4. HP: 24/24 MP: 6/8
   942 | D:2      | Noticed Jessica
   944 | D:2      | Killed Jessica
  1435 | D:2      | Noticed Sigmund
  1439 | D:2      | Killed Sigmund
  1440 | D:2      | Reached skill level 5 in Earth Magic
  1440 | D:2      | Reached XP level 5. HP: 28/28 MP: 5/10
  1440 | D:2      | Reached XP level 6. HP: 32/32 MP: 5/11
  1725 | D:3      | Found a faded altar of an unknown god.
  2468 | D:3      | Noticed Grinder
  2478 | D:3      | Killed Grinder
  2479 | D:3      | Reached skill level 6 in Earth Magic
  2479 | D:3      | Reached XP level 7. HP: 10/36 MP: 10/13
  3161 | D:4      | Identified the +7 ring mail of the Dancing Gods {*Corrode
                  | rPois Int+8 SInv}
  3410 | D:5      | Entered Level 5 of the Dungeon
  3435 | D:5      | Reached skill level 1 in Fighting
  3435 | D:5      | Reached skill level 1 in Armour
  3584 | D:5      | Identified the +4 buckler "Yrebliu" {rPois Int+3 Slay+2}
  3638 | D:5      | Found an ancient bone altar of Kikubaaqudgha.
  3682 | D:5      | Found a shimmering blue altar of Sif Muna.
  3682 | D:5      | Found an ornate altar of the Wu Jian Council.
  3687 | D:5      | Reached skill level 5 in Conjurations
  3751 | D:5      | Found a shimmering altar of Xom.
  3752 | D:5      | Found a bloodstained altar of Trog.
  3753 | D:5      | Found a white marble altar of Elyvilon.
  3753 | D:5      | Found a sparkling altar of Nemelex Xobeh.
  3754 | D:5      | Found a hazy altar of Hepliaklqana.
  3809 | D:5      | Reached skill level 1 in Shields
  3858 | D:5      | Reached XP level 8. HP: 44/44 MP: 7/14
  4188 | D:6      | Noticed a shadow
  4190 | D:6      | Reached skill level 7 in Earth Magic
  4197 | D:6      | Killed a shadow
  4618 | D:6      | Reached XP level 9. HP: 52/52 MP: 12/15
  5097 | D:7      | Reached skill level 8 in Earth Magic
  5402 | D:7      | Found a shadowy altar of Dithmenos.
  5434 | D:7      | Found Seahist's Antique Weapon Boutique.
  5465 | D:7      | Found a staircase to the Ecumenical Temple.
  5496 | Temple   | Entered the Ecumenical Temple
  5504 | Temple   | Became a worshipper of Vehumet
  5891 | D:7      | Noticed Pikel
  5895 | D:7      | Killed Pikel
  5896 | D:7      | Reached skill level 5 in Fighting
  5896 | D:7      | Reached skill level 5 in Armour
  6121 | D:8      | Found a sacrificial altar of Ru.
  6122 | D:8      | Reached * piety under Vehumet
  6122 | D:8      | Offered knowledge of Foxfire by Vehumet.
  6179 | D:8      | Identified the +8 short sword of the Sky {drain, ^Fragile
                  | Fly Str-3 Int+8}
  6193 | D:8      | Reached XP level 10. HP: 60/60 MP: 12/16
  6298 | D:8      | Reached skill level 9 in Earth Magic
  6982 | D:9      | Found a staircase to the Lair.
  6982 | D:9      | Noticed an elephant
  7188 | D:9      | Killed an elephant
  7198 | D:10     | Entered Level 10 of the Dungeon
  7320 | D:10     | Found a glowing silver altar of Zin.
  7332 | D:10     | Noticed an orange demon
  7335 | D:10     | Killed an orange demon
  7351 | D:10     | Noticed Amaemon
  7356 | D:10     | Killed Amaemon
  7363 | D:10     | Reached skill level 10 in Earth Magic
  7456 | D:10     | Reached ** piety under Vehumet
  7456 | D:10     | Offered knowledge of Magic Dart by Vehumet.
  7612 | D:10     | Noticed a two-headed ogre
  7616 | D:10     | Killed a two-headed ogre
  7617 | D:10     | Reached XP level 11. HP: 65/67 MP: 12/17
  7654 | D:10     | Found a burning altar of Makhleb.
  7709 | D:10     | Noticed a two-headed ogre
  7714 | D:10     | Killed a two-headed ogre
  7826 | D:10     | Found a portal to a secret trove of treasure.
  7974 | D:10     | Found a basalt altar of Yredelemnul.
  7978 | D:10     | Noticed Sonja
  8005 | D:10     | Killed Sonja
  8136 | D:10     | Found Hacvix's Hydra Hut.
  8152 | D:10     | Noticed a four-headed hydra
  8211 | D:10     | Noticed Fannar
  8373 | D:9      | Killed Fannar
  8538 | D:10     | Found a staircase to the Orcish Mines.
  8768 | Orc:1    | Entered Level 1 of the Orcish Mines
  9090 | Orc:1    | Reached skill level 11 in Earth Magic
  9233 | Orc:1    | Offered knowledge of Inner Flame by Vehumet.
  9460 | Orc:1    | Found Wedetaf's Weapon Boutique.
  9460 | Orc:1    | Noticed a +0 triple sword
  9472 | Orc:1    | Noticed a +0 quick blade
  9609 | Orc:2    | Entered Level 2 of the Orcish Mines
  9617 | Orc:1    | Reached *** piety under Vehumet
 10165 | Orc:2    | Offered knowledge of Mephitic Cloud by Vehumet.
 10366 | Orc:2    | Reached skill level 5 in Dodging
 10396 | Orc:2    | Noticed an ettin
 10413 | Orc:2    | Killed an ettin
 10414 | Orc:2    | Reached skill level 10 in Conjurations
 10546 | Orc:2    | Reached XP level 12. HP: 66/75 MP: 10/18
 10706 | Orc:2    | Reached **** piety under Vehumet
 10720 | Orc:2    | Offered knowledge of Dazzling Flash by Vehumet.
 11100 | Orc:2    | Found Ulicema's Magic Scroll Shoppe.
 11108 | Orc:2    | Bought a scroll of blinking for 90 gold pieces
 11108 | Orc:2    | Bought a scroll of identify for 24 gold pieces
 11108 | Orc:2    | Bought a scroll of fear for 48 gold pieces
 11211 | Orc:2    | Found a staircase to the Elven Halls.
 11563 | Orc:2    | Found Buffilo's Book Boutique.
 11568 | Orc:2    | Bought a book of Spontaneous Combustion for 532 gold pieces
 11609 | Orc:2    | Learned a level 8 spell: Ignition
 11678 | Orc:2    | Noticed an orc warlord
 11934 | D:9      | Reached skill level 1 in Fire Magic
 12212 | Lair:1   | Entered Level 1 of the Lair of Beasts
 12295 | D:9      | Reached skill level 12 in Earth Magic
 12877 | Lair:1   | Reached skill level 10 in Fighting
 13220 | Lair:1   | Noticed Joseph
 13225 | Lair:1   | Killed Joseph
 13335 | Lair:1   | Reached ***** piety under Vehumet
 13608 | Lair:1   | Reached XP level 13. HP: 79/82 MP: 11/19
 13616 | Lair:1   | Offered knowledge of Lee's Rapid Deconstruction by Vehumet.
 13731 | Lair:1   | Learned a level 5 spell: Lee's Rapid Deconstruction
 14385 | Lair:2   | Reached skill level 13 in Earth Magic
 14657 | Lair:2   | Found a staircase to the Snake Pit.
 14872 | Lair:2   | Reached skill level 5 in Fire Magic
 15558 | Lair:3   | Found a dark tunnel.
 15595 | Volcano  | Entered a volcano
 16059 | Volcano  | Noticed a red draconian
 16203 | Volcano  | Killed a red draconian
 16448 | Volcano  | Found a burning altar of Makhleb.
 17168 | Lair:3   | Noticed Rupert
 17172 | Lair:3   | Paralysed by Rupert for 4 turns
 17180 | Lair:3   | Killed Rupert
 17366 | Lair:3   | Reached skill level 5 in Spellcasting
 17528 | Lair:3   | Gained mutation: Your large and strong wings let you fly.
                  | [Gargoyle growth]
 17528 | Lair:3   | Reached XP level 14. HP: 91/91 MP: 19/21
 17687 | Lair:3   | Found a staircase to the Shoals.
 17755 | Lair:3   | Reached skill level 14 in Earth Magic
 17827 | Lair:3   | Offered knowledge of Yara's Violent Unravelling by Vehumet.
 17948 | Lair:3   | Noticed Nergalle
 17956 | Lair:3   | Killed Nergalle
 18865 | Lair:4   | You are sucked into a shaft and drop 1 floor!
 18865 | Lair:5   | Entered Level 5 of the Lair of Beasts
 21569 | Lair:5   | Found a viscous altar of Jiyva.
 21571 | Lair:5   | Found a staircase to the Slime Pits.
 21731 | Lair:5   | Reached skill level 15 in Earth Magic
 21758 | Lair:5   | Reached XP level 15. HP: 41/97 MP: 2/25
 23232 | Snake:1  | Entered Level 1 of the Snake Pit
 23256 | Snake:1  | Found Doac's Jewellery Shop.
 23327 | Snake:1  | Found a glacial archway.
 23365 | Snake:1  | Identified the amulet "Dafajici" {Spirit +Inv rF- Str-4
                  | Int+6}
 23391 | IceCv    | Entered an ice cave
 23400 | IceCv    | Slain by an ettin simulacrum

Illustrated notes

Levels and vault maps discovered:
D:1:      eino_arrival_cavern_e, layout_basic
D:2:      layout_loops_ring, uniq_sigmund, uniq_jessica
D:3:      layout_basic, shapermc_ecumenical_altar_mp_ritualfount, uniq_grinder
D:4:      layout_basic, serial_curves, eino_curves_02, eino_curves_02,
          minmay_misc_feat_five
D:5:      layout_rooms, grunt_temple_overflow_open
D:6:      layout_loops_ring
D:7:      layout_basic, grunt_dithmenos_smoke,
          minmay_temple_entry_gardened_gates, serial_shops,
          nicolae_shop_waterfront, uniq_pikel
D:8:      layout_basic, nicolae_ru_great_annihilating_truth
D:9:      layout_roguey, david_lair_generic, hangedman_decor_lopped,
          dk_vineyard_3, roderic_three_in_a_row, reono_crystal_passage
D:10:     layout_loops_ring, bloody_makhleb, mainiacjoe_overflow_catch_the_wave,
          nicolae_trove_entry_path_of_doom, doesnt_shop_hydraphobe,
          uniq_amaemon, uniq_fannar, uniq_sonja
Temple:   nicolae_temple_cloud_nine
Lair:1:   beast_lair_carwin_large_2, layout_regular_city, grunt_megastairs_3,
          serial_bayou_shore_a, infiniplex_staircase_pool_2, uniq_joseph
Lair:2:   layout_loops_ring, guppyfry_snake_entry_garden, lemuel_fruit_tree
Lair:3:   layout_hall_layers, minmay_shoals_entry_centaurs, enter_volcano_4,
          dreamdust_mushroom_princess, nicolae_quartered_pool_super,
          chequers_serial_rivers_small_b, grunt_megastairs_1, uniq_rupert,
          uniq_nergalle
Lair:4:   layout_long_grid, kennysheep_rathole
Lair:5:   evilmike_catoblepas_cave, layout_regular_city,
          minmay_slime_entry_oklob_enclosed, serial_bayou_pond_c
Snake:1:  layout_rooms, portal_ice_cave_entry_pillars_three, serial_shops,
          nicolae_shop_hallway_stairs, grunt_megastairs_4, serial_bayou_shore_b,
          minmay_shop_star, uniq_azrael
Orc:1:    layout_caves, serial_shops, nicolae_shop_mannequins
Orc:2:    grunt_orc_community_town_hall, layout_diamond_mine,
          grunt_orc_community_big_house_2, grunt_orc_community_big_house_1,
          grunt_orc_community_house_3, grunt_orc_community_house_3,
          grunt_orc_community_house_3, grunt_orc_community_house_2,
          grunt_orc_community_house_1
IceCv:    ice_cave_statue_garden_chambered

Skill      XL: |  1  2  3  4  5  6  7  8  9 10 11 12 13 14 15 |
---------------+----------------------------------------------+-----
Earth Magic    | 4 5 6 7 8 10 11 12 13 15 | 15.5
Conjurations   | 2 3 4 5 6 7 9 10 11 12 13 14 | 14.0
Spellcasting   | 3 4 5 6 7 |  7.7
Fighting       | 2 3 5 7 8 10 11 12 13 | 13.3
Armour         | 1 3 5 7 8 9 |  9.1
Dodging        | 2 3 5 6 |  6.0
Shields        | 1 3 4 |  4.0
Fire Magic     | 3 6 8 9 |  9.0
Stealth        | |  2.1

Action                     |  1- 3 |  4- 6 |  7- 9 | 10-12 | 13-15 || total
---------------------------+-------+-------+-------+-------+-------++-------
  Melee: Unarmed           |     2 |       |       |       |       ||     2
         Staff             |     9 |       |     5 |    19 |    90 ||   123
         Dagger            |       |       |       |       |     9 ||     9
   Cast: Sandblast         |    37 |    38 |   182 |   504 |   513 ||  1274
         Stone Arrow       |       |     2 |     1 |    59 |   196 ||   258
         Lee's Rapid Decon |       |       |       |       |    18 ||    18
    Use: Potion            |       |     1 |       |     2 |     5 ||     8
         Scroll            |       |       |     1 |    12 |     8 ||    21
 Armour: Robe              |    12 |     7 |     3 |       |       ||    22
         Ring mail         |       |       |    86 |   409 |   661 ||  1156
         Skin              |       |       |       |    11 |       ||    11
  Dodge: Dodged            |    12 |     9 |    75 |   229 |   350 ||   675
  Block: Buckler           |       |       |    48 |   230 |   317 ||   595

Table legend: (Time is in decaauts)
 A = Elapsed time spent in this place.
 B = Non-inter-level travel time spent in this place.
 C = Inter-level travel time spent in this place.
 D = Time resting spent in this place.
 E = Time spent auto-exploring this place.
 F = Levels seen in this place.
 G = Mean time per level.
                   A        B        C        D        E       F      G
               +--------+--------+--------+--------+--------+-----+--------+
         Total |  24101 |  23073 |   1028 |   1529 |  17523 |  21 | 1147.7 |
       Dungeon |   9886 |   9479 |    407 |    480 |   7561 |  10 |  988.6 |
        Temple |     15 |      9 |      6 |      0 |      0 |   1 |   15.0 |
          Lair |  10155 |   9702 |    453 |    368 |   7636 |   5 | 2031.0 |
     Snake Pit |    183 |     98 |     85 |      0 |      0 |   1 |  183.0 |
  Orcish Mines |   2881 |   2804 |     77 |    512 |   1710 |   2 | 1440.5 |
      Ice Cave |      9 |      9 |      0 |      0 |      0 |   1 |    9.0 |
       Volcano |    969 |    969 |      0 |    169 |    616 |   1 |  969.0 |
               +--------+--------+--------+--------+--------+-----+--------+

Top non-repeatable levels by time:
  Lair:5: 3208 daAuts
  Lair:3: 2187 daAuts
  Lair:1: 1877 daAuts
    D:10: 1677 daAuts
  Lair:2: 1594 daAuts
   Orc:2: 1590 daAuts
   Orc:1: 1290 daAuts
  Lair:4: 1287 daAuts
     D:3: 1181 daAuts
     D:9: 1131 daAuts
     D:8: 1023 daAuts
     D:6: 1004 daAuts
     D:7: 989 daAuts
 Volcano: 969 daAuts
     D:2: 849 daAuts
